 Dungeon Crawl Stone Soup version 0.26-a0-58-g79b31b8662 (webtiles) character file.

Game seed: 14894087183768399006

131 Ijustatesigmund the Chopper (level 4, -2/41 HPs)
             Began as a Minotaur Fighter on June 8, 2020.
             Slain by a sky beast (5 damage)
             ... on level 3 of the Dungeon.
             The game lasted 00:03:09 (2289 turns).

Ijustatesigmund the Chopper (Minotaur Fighter)      Turns: 2289, Time: 00:03:10

Health: -2/41      AC:  6    Str: 20    XL:     4   Next: 91%
Magic:  3/3        EV:  7    Int:  5    God:
Gold:   104        SH:  9    Dex: 11    Spells: 3/3 levels left

rFire    . . .     SeeInvis .   a - +0 war axe
rCold    . . .     Gourm    .   c - +0 kite shield
rNeg     . . .     Faith    .   b - +0 scale mail
rPois    .         Spirit   .   (helmet restricted)
rElec    .         Reflect  .   (no cloak)
rCorr    .         Harm     .   (no gloves)
MR       .....                  (no boots)
Stlth    ..........             (no amulet)
HPRegen  0.13/turn              (no ring)
MPRegen  0.08/turn              (no ring)

@: mighty
A: retaliatory headbutt, horns 2
a: no special abilities


You were on level 3 of the Dungeon.
You were not hungry.

You visited 1 branch of the dungeon, and saw 3 of its levels.

You collected 104 gold pieces.

Inventory:

Hand Weapons
 a - a +0 war axe (weapon)
Missiles
 g - 4 curare-tipped darts (quivered)
Armour
 b - a +0 scale mail (worn)
 c - a +0 kite shield (worn)
Wands
 l - a wand of digging (7)
Scrolls
 i - a scroll of identify
 k - a scroll of remove curse
Potions
 d - 2 potions of might
 e - a potion of heal wounds
 h - a potion of resistance {unknown}
 j - a potion of magic {unknown}
 m - a potion of curing
Comestibles
 f - 3 rations
 n - 3 chunks of flesh


   Skills:
 + Level 4.9 Fighting
 * Level 5.3 Axes
 - Level 3.6 Armour
 - Level 3.6 Shields


You had 3 spell levels left.
You didn't know any spells.
Your spell library was empty.

Dungeon Overview and Level Annotations

Branches:
Dungeon (3/15)

Altars:
Gozag
Trog
The Shining One


Innate Abilities, Weirdness & Mutations

You reflexively headbutt those who attack you in melee.
You have a pair of horns on your head.


Message History

You closely miss something. Something hits you but does no damage.
You closely miss something. You headbutt something.
You block something's attack.
You closely miss something. You headbutt something!
Something hits you but does no damage. You block something's attack.
Your scale mail prevents you from hitting something.
Your headbutt misses something. Something hits you but does no damage.
You closely miss something. Your headbutt misses something.
Something hits you but does no damage.
A hobgoblin comes into view. It is wielding a +0 club.
You miss something.
The hobgoblin shouts!
Something hits you.
* * * LOW HITPOINT WARNING * * *
Something shocks you.
* * * LOW HITPOINT WARNING * * *
Something hits you.
* * * LOW HITPOINT WARNING * * *
Something shocks you.
You die...

#. #.##.# #.##.##.###
.# #.........# .#
#.......#.# .#
#.##.##.#.####.#
#.##.##........####
#.##....#.#.......#
#.##......#.......#
#####.......###.@.....#
............# #..{....#
####.####..## #.......#
##.....##..# #.....?.#
#.......#.## #...g...#
#.......#.# ####......
...._.....# ..####
#.......#.# #..
#.......#..##


You could see a hobgoblin.

Vanquished Creatures
  Jessica (D:3)
  2 adders
  2 worms (D:2)
  4 dart slugs
  3 leopard geckos
  A ball python (D:1)
  3 giant cockroaches
  4 goblins
  10 hobgoblins
  9 jackals
  5 quokkas
  7 bats
  8 frilled lizards
  3 kobolds
  5 rats (D:2)
67 creatures vanquished.

Notes
Turn   | Place    | Note
-------+----------+-------------------------------------------
     0 | D:1      | Ijustatesigmund the Minotaur Fighter began the quest for
                  | the Orb.
     0 | D:1      | Reached XP level 1. HP: 19/19 MP: 0/0
    85 | D:1      | Reached skill level 3 in Axes
   170 | D:1      | Reached XP level 2. HP: 26/27 MP: 1/1
   617 | D:1      | Reached XP level 3. HP: 33/33 MP: 2/2
   806 | D:2      | Reached skill level 4 in Axes
  1084 | D:2      | Found an opulent altar of Gozag.
  1382 | D:2      | Found a glowing golden altar of the Shining One.
  1387 | D:2      | Reached XP level 4. HP: 41/41 MP: 3/3
  2062 | D:3      | Noticed Jessica
  2067 | D:3      | Killed Jessica
  2067 | D:3      | Reached skill level 5 in Axes
  2225 | D:3      | Found a bloodstained altar of Trog.
  2272 | D:3      | Noticed a sky beast
  2289 | D:3      | Slain by a sky beast

Illustrated notes

Levels and vault maps discovered:
D:1:      mainiacjoe_arrival_reflecting_pool, layout_loops_ring, serial_glass,
          glass_columns_a, glass_columns_b
D:2:      layout_basic, nicolae_overflow_crystal_walls, grunt_gozag_statues,
          first_ration
D:3:      layout_loops_cross, old_standard_altar, elyvilon_altar_4,
          uniq_terence, uniq_jessica

Skill      XL: |  1  2  3  4 |
---------------+-------------+-----
Axes           | 3 4 5 |  5.3
Fighting       | 4 |  4.9
Armour         | |  3.6
Shields        | |  3.6

Action                   |  1- 3 |  4- 6 || total
-------------------------+-------+-------++-------
Melee: War axe           |    87 |    55 ||   142
       Headbutt          |    16 |     9 ||    25
Throw: Dart              |       |     2 ||     2
  Use: Scroll            |     4 |       ||     4
       Potion            |       |     3 ||     3
  Eat: Chunk             |     2 |     3 ||     5
Armor: Scale mail        |    38 |    24 ||    62
Dodge: Dodged            |    33 |    12 ||    45
Block: Kite shield       |    43 |    25 ||    68

Table legend:
 A = Non-vault XP
 B = Vault XP
 C = Vault XP percentage of total XP
 D = Non-vault monster count
 E = Vault monster count
 F = Vault count percentage of total count
                 A         B        C        D         E       F
            +---------+---------+-------+---------+---------+-------
      Total |     151 |      37 |  19.7 |      66 |       1 |   1.5
            +---------+---------+-------+---------+---------+-------
        D:1 |      43 |       0 |   0.0 |      22 |       0 |   0.0
        D:2 |      80 |       0 |   0.0 |      35 |       0 |   0.0
        D:3 |      28 |      37 |  56.9 |       9 |       1 |  10.0
            +---------+---------+-------+---------+---------+-------
